AAA
RICHMOND RAMS @ TUCSON TOROS
07/12/2059
 
TOP OF THE 1ST
Richmond Rams batting - Pitching for Tucson Toros : RHP Jim Bichsel
Pitching: RHP Jim Bichsel
Batting: RHB Joey Shelton 0-0: Ball
1-0: Foul Ball, location: 2F
1-1: Ground out 4-3 (Groundball, 34, EV 80.0 MPH)
Batting: RHB Louis Hockney 0-0: Swinging Strike
0-1: Ball
1-1: Called Strike
1-2: Foul Ball, location: 2F
1-2: Ball
2-2: Ball
3-2: Foul Ball, location: 2F
3-2: Base on Balls
Batting: LHB Logan Sparks 0-0: Foul Ball, location: 2F
0-1: Ball
1-1: Called Strike
1-2: Ball
2-2: Strikes out swinging
Batting: LHB Jess Hajiev 0-0: Foul Ball, location: 2F
0-1: Ball
1-1: Ball
2-1: Fly out, F7 (Flyball, 78XD, EV 106.9 MPH)
Top of the 1st over - 0 runs, 0 hits, 0 errors, 1 left on base; Richmond 0 - Tucson 0
BOTTOM OF THE 1ST
Tucson Toros batting - Pitching for Richmond Rams : RHP Edmund Clinton
Pitching: RHP Edmund Clinton
Batting: RHB Jerry Gregory 0-0: Called Strike
0-1: Foul Ball, location: 2F
0-2: Foul Ball, location: 2F
0-2: Foul Ball, location: 2F
0-2: Ground out 4-3 (Groundball, 4M, EV 100.6 MPH)
Batting: RHB Coltyn Goldman 0-0: Foul Ball, location: 2F
0-1: Swinging Strike
0-2: Foul Ball, location: 2F
0-2: Ball
1-2: Foul Ball, location: 2F
1-2: Fly out, F8 (Flyball, 8LD, EV 105.6 MPH)
Batting: LHB Brett Gesell 0-0: Called Strike
0-1: Ball
1-1: Swinging Strike
1-2: Strikes out swinging
Bottom of the 1st over - 0 runs, 0 hits, 0 errors, 0 left on base; Richmond 0 - Tucson 0
TOP OF THE 2ND
Richmond Rams batting - Pitching for Tucson Toros : RHP Jim Bichsel
Batting: RHB Jeremy Hollabaugh 0-0: Ball
1-0: Ball
2-0: Swinging Strike
2-1: Fly out, F5 (Line Drive, 5, EV 72.5 MPH)
Batting: RHB Linton Makepeace 0-0: Called Strike
0-1: Foul Ball, location: 2F
0-2: Strikes out swinging
Batting: RHB Jahidi Mkheidze 0-0: Called Strike
0-1: Ball
1-1: Foul Ball, location: 2F
1-2: Hit by Pitch
Batting: RHB Tommy Dupree 0-0: Called Strike
0-1: Foul Ball, location: 2F
0-2: Ball
1-2: Ball
2-2: Ball
3-2: Foul Ball, location: 2F
3-2: Foul Ball, location: 2F
3-2: Fly out, F6 (Popup, P, EV 83.8 MPH)
Top of the 2nd over - 0 runs, 0 hits, 0 errors, 1 left on base; Richmond 0 - Tucson 0
BOTTOM OF THE 2ND
Tucson Toros batting - Pitching for Richmond Rams : RHP Edmund Clinton
Batting: RHB Vinny Wetherington 0-0: Called Strike
0-1: Swinging Strike
0-2: Fly out, F8 (Flyball, 8LD, EV 108.1 MPH)
Batting: RHB Riley Mortimer 0-0: Ground out 6-3 (Groundball, 6, EV 82.5 MPH)
Batting: LHB Connor Farid 0-0: Called Strike
0-1: Ball
1-1: Called Strike
1-2: Foul Ball, location: 2F
1-2: Ground out 1-3 (Groundball, 13, EV 69.4 MPH)
Bottom of the 2nd over - 0 runs, 0 hits, 0 errors, 0 left on base; Richmond 0 - Tucson 0
TOP OF THE 3RD
Richmond Rams batting - Pitching for Tucson Toros : RHP Jim Bichsel
Batting: RHB Andy Hugo 0-0: Foul Ball, location: 2F
0-1: Swinging Strike
0-2: Ball
1-2: Ball
2-2: Foul Ball, location: 2F
2-2: SINGLE (Groundball, 56D, EV 96.2 MPH)
Batting: RHB Joey Shelton 0-0: Called Strike
0-1: Foul Ball, location: 2F
0-2: Strikes out looking
Batting: RHB Louis Hockney 0-0: Ball
1-0: Foul Ball, location: 2F
1-1: Swinging Strike
1-2: Strikes out swinging
Batting: LHB Logan Sparks 0-0: Called Strike
Andy Hugo steals 2nd base
0-1: Ball
1-1: Ball
2-1: Ball
3-1: Swinging Strike
3-2: Foul Ball, location: 2F
3-2: Ground out 5-3 (Groundball, 56, EV 103.1 MPH)
Top of the 3rd over - 0 runs, 1 hit, 0 errors, 1 left on base; Richmond 0 - Tucson 0
BOTTOM OF THE 3RD
Tucson Toros batting - Pitching for Richmond Rams : RHP Edmund Clinton
Batting: RHB Logan Michalski 0-0: Ball
1-0: Swinging Strike
1-1: Foul Ball, location: 2F
1-2: Fly out, F4 (Popup, 4MD, EV 50.6 MPH)
Batting: LHB Autry Subandrio 0-0: Ball
1-0: Foul Ball, location: 2F
1-1: Called Strike
1-2: Strikes out swinging
Batting: RHB Colt Locklair 0-0: Ball
1-0: Ground out 4-3 (Groundball, 4, EV 85.6 MPH)
Bottom of the 3rd over - 0 runs, 0 hits, 0 errors, 0 left on base; Richmond 0 - Tucson 0
TOP OF THE 4TH
Richmond Rams batting - Pitching for Tucson Toros : RHP Jim Bichsel
Batting: LHB Jess Hajiev 0-0: Called Strike
0-1: Ball
1-1: Ball
2-1: Called Strike
2-2: Strikes out swinging
Batting: RHB Jeremy Hollabaugh 0-0: Ball
1-0: Ground out 4-3 (Groundball, 4, EV 101.2 MPH)
Batting: RHB Linton Makepeace 0-0: Ball
1-0: Called Strike
1-1: Ball
2-1: Foul Ball, location: 2F
2-2: Strikes out swinging
Top of the 4th over - 0 runs, 0 hits, 0 errors, 0 left on base; Richmond 0 - Tucson 0
BOTTOM OF THE 4TH
Tucson Toros batting - Pitching for Richmond Rams : RHP Edmund Clinton
Batting: RHB Jerry Gregory 0-0: Ball
1-0: Called Strike
1-1: Foul Ball, location: 2F
1-2: Ball
2-2: Ball
3-2: Ground out 6-3 (Groundball, P, EV 88.1 MPH)
Batting: RHB Coltyn Goldman 0-0: Ball
1-0: Ball
2-0: Swinging Strike
2-1: Ball
3-1: Foul Ball, location: 2F
3-2: Foul Ball, location: 2F
3-2: Strikes out swinging
Batting: LHB Brett Gesell 0-0: Foul Ball, location: 2F
0-1: DOUBLE (Line Drive, 78XD, EV 105.0 MPH)
Batting: RHB Vinny Wetherington 0-0: Fly out, F8 (Flyball, 8RD, EV 100.6 MPH)
Bottom of the 4th over - 0 runs, 1 hit, 0 errors, 1 left on base; Richmond 0 - Tucson 0
TOP OF THE 5TH
Richmond Rams batting - Pitching for Tucson Toros : RHP Jim Bichsel
Batting: RHB Jahidi Mkheidze 0-0: Foul Ball, location: 2F
0-1: Called Strike
0-2: Ball
1-2: Strikes out swinging
Batting: RHB Tommy Dupree 0-0: Foul Ball, location: 2F
0-1: Fly out, F8 (Flyball, 8LD, EV 103.1 MPH)
Batting: RHB Andy Hugo 0-0: Called Strike
0-1: Ball
1-1: Foul Ball, location: 2F
1-2: Foul Ball, location: 2F
1-2: Strikes out looking
Top of the 5th over - 0 runs, 0 hits, 0 errors, 0 left on base; Richmond 0 - Tucson 0
BOTTOM OF THE 5TH
Tucson Toros batting - Pitching for Richmond Rams : RHP Edmund Clinton
Batting: RHB Riley Mortimer 0-0: Ground out 5-3 (Groundball, 56S, EV 87.5 MPH)
Batting: LHB Connor Farid 0-0: Called Strike
0-1: Fly out, F8 (Flyball, 8RXD, EV 91.2 MPH)
Batting: RHB Logan Michalski 0-0: Called Strike
0-1: Called Strike
0-2: Fly out, F7 (Flyball, 7S, EV 83.1 MPH)
Bottom of the 5th over - 0 runs, 0 hits, 0 errors, 0 left on base; Richmond 0 - Tucson 0
TOP OF THE 6TH
Richmond Rams batting - Pitching for Tucson Toros : RHP Jim Bichsel
Batting: RHB Joey Shelton 0-0: Called Strike
0-1: Called Strike
0-2: Ball
1-2: Fly out, F6 (Popup, 6S, EV 73.8 MPH)
Batting: RHB Louis Hockney 0-0: Called Strike
0-1: Ball
1-1: Swinging Strike
1-2: Ball
2-2: Strikes out looking
Batting: LHB Logan Sparks 0-0: Foul Ball, location: 2F
0-1: Called Strike
0-2: Ball
1-2: Foul Ball, location: 2F
1-2: Foul Ball, location: 2F
1-2: Ball
2-2: Foul Ball, location: 2F
2-2: DOUBLE (Line Drive, 8RXD, EV 111.2 MPH)
Batting: LHB Jess Hajiev 0-0: Called Strike
0-1: Ball
1-1: Ball
2-1: Called Strike
2-2: Ball
3-2: Foul Ball, location: 2F
3-2: Foul Ball, location: 2F
3-2: TRIPLE (Flyball, 78XD, EV 97.5 MPH)
Logan Sparks scores
Pitching: RHP Nathan Thomson
Batting: RHB Jeremy Hollabaugh 0-0: Ball
1-0: Ball
2-0: Foul Ball, location: 2F
2-1: Foul Ball, location: 2F
2-2: Strikes out swinging
Top of the 6th over - 1 run, 2 hits, 0 errors, 1 left on base; Richmond 1 - Tucson 0
BOTTOM OF THE 6TH
Tucson Toros batting - Pitching for Richmond Rams : RHP Edmund Clinton
Batting: LHB Autry Subandrio 0-0: Ball
1-0: Ball
2-0: Ball
3-0: Base on Balls
Batting: RHB Colt Locklair 0-0: Sac Bunt to 2R - play at first, batter OUT! 2-3
Autry Subandrio to second
Batting: RHB Jerry Gregory 0-0: Ball
1-0: Swinging Strike
1-1: Swinging Strike
1-2: Foul Ball, location: 2F
1-2: Foul Ball, location: 2F
1-2: Ball
2-2: Ball
3-2: Strikes out swinging
Batting: RHB Coltyn Goldman 0-0: Called Strike
0-1: Fly out, F8 (Flyball, 8RXD, EV 95.0 MPH)
Bottom of the 6th over - 0 runs, 0 hits, 0 errors, 1 left on base; Richmond 1 - Tucson 0
TOP OF THE 7TH
Richmond Rams batting - Pitching for Tucson Toros : RHP Nathan Thomson
Batting: RHB Linton Makepeace 0-0: Ball
1-0: Called Strike
1-1: Swinging Strike
1-2: Ball
2-2: Ball
3-2: Strikes out swinging
Batting: RHB Jahidi Mkheidze 0-0: Ground out 4-3 (Groundball, 4, EV 82.5 MPH)
Batting: RHB Tommy Dupree 0-0: Foul Ball, location: 2F
0-1: Ball
1-1: Foul Ball, location: 2F
1-2: Ball
2-2: Foul Ball, location: 2F
2-2: Strikes out swinging
Top of the 7th over - 0 runs, 0 hits, 0 errors, 0 left on base; Richmond 1 - Tucson 0
BOTTOM OF THE 7TH
Tucson Toros batting - Pitching for Richmond Rams : RHP Edmund Clinton
Pitching: LHP Hayden Ramirez
Now at 1B: Joseph Gazdaru
Now in LF: Jess Hajiev
Batting: LHB Brett Gesell 0-0: Ground out 4-3 (Groundball, 34, EV 103.8 MPH)
Batting: RHB Vinny Wetherington 0-0: Ball
1-0: Foul Ball, location: 2F
1-1: Swinging Strike
1-2: Foul Ball, location: 2F
1-2: Ball
2-2: Ball
3-2: Foul Ball, location: 2F
3-2: Base on Balls
Batting: RHB Riley Mortimer 0-0: SINGLE (Groundball, 6D, EV 101.2 MPH)
Vinny Wetherington to second
Pinch Runner at 2nd Landon Dorfmeyer:
Batting: LHB Connor Farid 0-0: Ball
1-0: Foul Ball, location: 2F
1-1: Ball
2-1: Ball
3-1: Base on Balls
Landon Dorfmeyer to third
Riley Mortimer to second
Batting: RHB Logan Michalski 0-0: Ball
1-0: Ball
2-0: Called Strike
2-1: Called Strike
2-2: Ball
3-2: Strikes out swinging
Batting: LHB Autry Subandrio 0-0: Ball
1-0: Called Strike
1-1: Ball
2-1: SINGLE (Groundball, 4D, EV 96.9 MPH)
Landon Dorfmeyer scores
Riley Mortimer to third
Connor Farid to second
Batting: RHB Colt Locklair 0-0: Ball
1-0: Swinging Strike
1-1: Foul Ball, location: 2F
1-2: Ball
2-2: Strikes out swinging
Bottom of the 7th over - 1 run, 2 hits, 0 errors, 3 left on base; Richmond 1 - Tucson 1
TOP OF THE 8TH
Richmond Rams batting - Pitching for Tucson Toros : RHP Nathan Thomson
Now at 3B: Landon Dorfmeyer
Now in LF: Logan Michalski
Batting: LHB Devin Mucha 0-0: Ball
1-0: Ground out U3 (Groundball, 3L, EV 89.4 MPH)
Batting: RHB Joey Shelton 0-0: Called Strike
0-1: Ball
1-1: SINGLE (Groundball, 6, EV 100.6 MPH)
Batting: RHB Joseph Gazdaru 0-0: Ball
1-0: Ball
2-0: Called Strike
2-1: Grounds into double play, 6-4-3 (Groundball, 6, EV 87.5 MPH)
Top of the 8th over - 0 runs, 1 hit, 0 errors, 0 left on base; Richmond 1 - Tucson 1
BOTTOM OF THE 8TH
Tucson Toros batting - Pitching for Richmond Rams : LHP Hayden Ramirez
Batting: RHB Jerry Gregory 0-0: Called Strike
0-1: Ball
1-1: Swinging Strike
1-2: Fly out, F4 (Popup, 4MD, EV 61.2 MPH)
Batting: RHB Coltyn Goldman 0-0: Ball
1-0: Ball
2-0: Foul Ball, location: 2F
2-1: Foul Ball, location: 2F
2-2: Ball
3-2: Foul Ball, location: 2F
3-2: Foul Ball, location: 2F
3-2: Base on Balls
Pitching: LHP Kyle Nicholas
Batting: LHB Brett Gesell 0-0: Called Strike
0-1: Fielders Choice at 2nd, 1-6 (Groundball, P, EV 69.4 MPH)
Batting: RHB Landon Dorfmeyer 0-0: Called Strike
0-1: Ground out 4-3 (Groundball, 34, EV 88.8 MPH)
Bottom of the 8th over - 0 runs, 0 hits, 0 errors, 1 left on base; Richmond 1 - Tucson 1
TOP OF THE 9TH
Richmond Rams batting - Pitching for Tucson Toros : RHP Nathan Thomson
Batting: LHB Logan Sparks 0-0: Ball
1-0: Ball
2-0: SINGLE (Line Drive, 7S, EV 110.0 MPH)
Batting: LHB Jess Hajiev 0-0: Called Strike
0-1: Ball
1-1: Foul Ball, location: 2F
1-2: Ball
2-2: Fielders Choice at 2nd, 6-4 (Groundball, 6, EV 90.0 MPH)
Batting: RHB Jeremy Hollabaugh 0-0: Ball
1-0: Called Strike
1-1: Ball
2-1: Ball
3-1: Foul Ball, location: 2F
3-2: Base on Balls
Jess Hajiev to second
Batting: RHB Linton Makepeace 0-0: Ball
1-0: SINGLE (Groundball, 56, EV 106.9 MPH)
Jess Hajiev to third
Jeremy Hollabaugh to second
Runner from 3rd tries for Home, SAFE, throw by LF to home
Batting: RHB Jahidi Mkheidze 0-0: Called Strike
0-1: Ball
1-1: Ball
2-1: Swinging Strike
2-2: Foul Ball, location: 2F
2-2: Reached via error on a dropped throw from 3B, E3 (Groundball, 5, EV 80.0 MPH)
Jeremy Hollabaugh to third
Linton Makepeace to second
Batting: RHB Tommy Dupree 0-0: Called Strike
0-1: Grounds into fielders choice 5-2 (Groundball, 56S, EV 82.5 MPH)
Linton Makepeace to third
Jahidi Mkheidze to second
Pitching: LHP Efren Deas
Batting: RHB Armand Vanek 0-0: Ball
1-0: Ball
2-0: Ball
3-0: Base on Balls
Linton Makepeace scores
Jahidi Mkheidze to third
Tommy Dupree to second
Batting: RHB Joey Shelton 0-0: Foul Ball, location: 2F
0-1: Ball
1-1: SINGLE (Line Drive, 56, EV 106.2 MPH)
Jahidi Mkheidze scores
Tommy Dupree to third
Armand Vanek to second
Batting: RHB Joseph Gazdaru 0-0: DOUBLE (Line Drive, 78XD, EV 99.4 MPH)
Tommy Dupree scores
Armand Vanek scores
Joey Shelton to third
Batting: LHB Logan Sparks 0-0: Called Strike
0-1: Ball
1-1: Called Strike
1-2: Ball
2-2: Ball
3-2: Foul Ball, location: 2F
3-2: Strikes out swinging
Top of the 9th over - 5 runs, 4 hits, 1 error, 2 left on base; Richmond 6 - Tucson 1
BOTTOM OF THE 9TH
Tucson Toros batting - Pitching for Richmond Rams : LHP Kyle Nicholas
Batting: RHB Riley Mortimer 0-0: Called Strike
0-1: Fly out, F8 (Flyball, 8LXD, EV 89.4 MPH)
Batting: LHB Connor Farid 0-0: Foul Ball, location: 2F
0-1: Ground out 6-3 (Groundball, 6M, EV 93.1 MPH)
Batting: RHB Logan Michalski 0-0: Swinging Strike
0-1: Called Strike
0-2: Strikes out looking
Bottom of the 9th over - 0 runs, 0 hits, 0 errors, 0 left on base; Richmond 6 - Tucson 1
Wednesday, March 13th , 2024 - OOTP Baseball 23.10 Build 110